AoeStats
← Nachomac

Arabia

509600665Analyzed
1v1 RM · 4d ago on Sep 27, 2026· 44m 29s· 2 players
Game mode
Random Map
Map size
Tiny (2 player)
Population
200
Speed
Normal
Resources
Standard
Victory
Conquest
Starting age
Dark Age
Ending age
Imperial Age
RankedLock teamsTeams togetherTeam positionsShared explorationLock speedFull tech treeHidden civsTurbo modeCheats
Victory
Defeat
🇨🇱 Persians · Chile
1527
+16
🇩🇪 Georgians · Germany
1534
-16
Nachomac
5:59 Loom
8:57 Feudal Age
9:27 Double-Bit Axe
10:23 Horse Collar
14:52 Wheelbarrow
19:20 Castle Age
17:33 Scale Barding Armor
17:33 Gold Mining
18:37 Forging
18:38 Bloodlines
20:18 Bow Saw
20:10 Heavy Plow
20:54 Husbandry
30:21 Hand Cart
30:08 Stone Mining
30:52 Chain Barding Armor
31:09 Iron Casting
32:10 Gold Shaft Mining
33:02 Chain Barding Armor
35:42 Imperial Age
33:53 Fletching
34:33 Ballistics
34:24 Masonry
36:58 Two-Man Saw
35:53 Bodkin Arrow
35:20 Heavy Camel Rider
36:07 Kamandaran
36:23 Thumb Ring
35:44 Crossbowman
36:51 Conscription
37:08 Architecture
37:51 Plate Barding Armor
39:06 Blast Furnace
38:06 Padded Archer Armor
39:19 Chemistry
39:43 Light Cavalry
41:14 Crop Rotation
40:31 Town Watch
42:19 Stone Shaft Mining
41:31 Hussar
PL_Flamaster
5:31 Loom
8:13 Feudal Age
11:53 Double-Bit Axe
18:13 Castle Age
16:09 Horse Collar
16:45 Gold Mining
17:21 Fletching
18:32 Bloodlines
19:15 Bow Saw
20:10 Bodkin Arrow
21:11 Padded Archer Armor
23:47 Wheelbarrow
24:14 Pikeman
26:41 Scale Mail Armor
28:11 Forging
28:18 Heavy Plow
30:18 Hand Cart
29:50 Town Watch
30:37 Chain Mail Armor
32:20 Ballistics
34:53 Imperial Age
33:08 Leather Archer Armor
32:45 Stone Mining
34:07 Squires
33:53 Gambesons
34:44 Iron Casting
34:45 Stone Shaft Mining
35:00 Scale Barding Armor
35:14 Masonry
35:01 Murder Holes
36:19 Plate Mail Armor
35:09 Halberdier
37:19 Blast Furnace
36:42 Bracer
38:06 Chemistry
38:52 Chain Barding Armor
39:03 Architecture
38:42 Heavy Cavalry Archer
40:27 Parthian Tactics
40:16 Elite Skirmisher
40:52 Light Cavalry
41:32 Husbandry
43:27 Conscription
Connection lost

Rejoining the realm…

Still unreachable

The connection could not be restored.

Session expired

The server has moved on; the page needs a fresh start.